 Dungeon Crawl Stone Soup version 0.26-a0-854-gdc81c2f471 (webtiles) character file.

Game seed: 2818316202067052022

141530 robertstho the Severer (level 16, 0/238 HPs)
             Began as a Minotaur Berserker on Nov 23, 2020.
             Was a High Priest of Trog.
             Killed from afar by a thorn hunter (13 damage)
             ... with a volley of thorns
             ... on level 4 of the Swamp.
             The game lasted 00:43:22 (27569 turns).

robertstho the Severer (Minotaur Berserker)        Turns: 27569, Time: 00:43:23

Health: 0/238      AC: 23    Str: 28    XL:     16   Next: 78%
Magic:  0/15       EV: 15    Int:  6    God:    Trog [*****.]
Gold:   2446       SH:  0    Dex: 11    Spells: 15/15 levels left

rFire    . . .     SeeInvis .   M - +5 executioner's axe (flame)
rCold    x . .     Faith    .   (shield currently unavailable)
rNeg     . . .     Spirit   +   w - +1 plate armour of the Sun {rElec Int+2}
rPois    +         Reflect  .   Q - +0 hat of a Labyrinth {rElec rPois rC- Stlth+}
rElec    +         Harm     .   (no cloak)
rCorr    .         Rampage  .   g - +0 pair of gloves
MR       +++..     Rnd*Tele +   u - +0 pair of boots
Stlth    ..........             y - amulet of guardian spirit
HPRegen  1.49/turn              s - ring of poison resistance
MPRegen  0.14/turn              K - +4 ring of evasion

@: berserking, regenerating, very quick
A: retaliatory headbutt, horns 2, teleportitis 1
a: Berserk, Trog's Hand, Brothers in Arms, Renounce Religion


You were on level 4 of the Swamp.
You worshipped Trog.
Trog was extremely pleased with you.
You visited 4 branches of the dungeon, and saw 23 of its levels.
You also visited: Bailey.

You collected 2446 gold pieces.

Inventory:

Hand Weapons
 j - the +4 broad axe "Maenein" {speed, Str+2}
   (You found it on level 2 of the Lair of Beasts)

   Attacks with this weapon are significantly faster.
   It affects your strength (+2).
 M - a +5 executioner's axe of flaming (weapon)
Armour
 g - a +0 pair of gloves (worn)
 u - a +0 pair of boots (worn)
 w - the +1 plate armour of the Sun (worn) {rElec Int+2}
   (You found it in a bailey)

   It affects your intelligence (+2).
   It insulates you from electricity.
 A - a +0 chain mail of cold resistance
 G - a +0 tower shield
 O - the +3 hat of Pondering {ponderous, MR+ MP+10 Int+5}
   (You took it off Gastronok on level 3 of the Lair of Beasts)

   It affects your intelligence (+5).
   It affects your resistance to hostile enchantments.
   It affects your magic capacity (+10).
 Q - the +0 hat of a Labyrinth (worn) {rElec rPois rC- Stlth+}
   (You found it on level 3 of the Lair of Beasts)

   It makes you vulnerable to cold.
   It insulates you from electricity.
   It protects you from poison.
   It makes you more stealthy.
Jewellery
 l - an uncursed ring of protection from cold
 m - an uncursed ring of positive energy
 s - a ring of poison resistance (left hand)
 y - an amulet of guardian spirit (around neck)
 B - an uncursed ring of protection from fire
 K - a +4 ring of evasion (right hand)
Wands
 h - a wand of disintegration (16)
 r - a wand of acid (13)
 t - a wand of iceblast (23)
 N - a wand of flame (46)
 T - a wand of paralysis (8)
Scrolls
 a - 6 scrolls of enchant armour
 b - 4 scrolls of immolation
 d - 7 scrolls of teleportation
 f - 6 scrolls of remove curse
 i - 6 scrolls of enchant weapon
 n - a scroll of summoning
 p - 6 scrolls of blinking
 v - 3 scrolls of brand weapon
 F - 3 scrolls of fear
 H - 3 scrolls of magic mapping
 I - 3 scrolls of identify
Potions
 e - 7 potions of flight
 k - 2 potions of mutation
 x - a potion of might
 z - 4 potions of cancellation
 D - 3 potions of attraction
 E - a potion of curing
 P - a potion of invisibility
 R - a potion of ambrosia
 S - a potion of berserk rage
 U - a potion of haste
 V - a potion of heal wounds
Miscellaneous
 c - a tin of tremorstones (2/2)


   Skills:
 * Level 18.9 Fighting
 + Level 20.6 Axes
 * Level 18.5 Armour
 + Level 5.9 Dodging
 + Level 1.4 Stealth
 + Level 6.7 Shields


You had 15 spell levels left.
You didn't know any spells.
Your spell library was empty.

Dungeon Overview and Level Annotations

Branches:
Dungeon (11/15)            Temple (0/1) D:4            Lair (6/6) D:10
  Swamp (4/4) Lair:2        Snake (0/4) Lair:3        Slime (0/5) Lair:6
    Orc (2/2) D:10            Elf (0/3) Orc:2        Bailey (visited)

Altars:
Elyvilon
Sif Muna
Xom
Beogh
Jiyva

Shops:
D:11 (   Orc:2 =:!(


Innate Abilities, Weirdness & Mutations

You reflexively headbutt those who attack you in melee.
You have a pair of horns on your head.
You are occasionally teleported next to monsters.


Message History

You hit the thorn hunter. You burn the thorn hunter.
The thorn hunter hits you but does no damage.
The thorn hunter hits you!
* * * LOW HITPOINT WARNING * * *
You slice the will-o-the-wisp!! You burn the will-o-the-wisp.
The will-o-the-wisp is severely damaged.
You barely miss the thorn hunter. The will-o-the-wisp closely misses you.
The thorn hunter fires a volley of thorns at you.
The volley of thorns hits you!!
* * * LOW HITPOINT WARNING * * *
You carve the will-o-the-wisp like a ham!!!
You burn the will-o-the-wisp.
You destroy the will-o-the-wisp!
Trog accepts your kill.
You slash the thorn hunter! You burn the thorn hunter.
You barely miss the thorn hunter. You headbutt the thorn hunter.
The thorn hunter is moderately damaged.
The thorn hunter fires a volley of thorns at you.
The volley of thorns hits you!
You die...

♣♣♣♣♣♣ ♣♣♣♣♣♣♣♣♣♣♣♣♣
♣≈≈≈.≈♣♣♣♣♣≈.≈♣.≈(≈...≈
♣$.≈.≈≈≈(<♣.≈.P≈≈≈§...≈
♣♣≈..≈≈..≈.♣.≈.♣≈≈♣♣♣♣..
...≈..♣♣.≈/..(♣♣♣♣♣ ♣..
≈≈≈....♣/(...♣≈♣ ♣..
≈≈≈..≈f@♣♣♣♣≈≈♣♣ ♣♣≈
♣≈.♣...♣♣ ♣♣♣♣ ♣♣ ♣≈≈.
♣♣♣ #≈≈≈ ♣.. #.≈. ♣♣(.
#.≈≈ ♣.≈. ≈.♣≈ ♣≈..
≈.♣♣♣ ♣♣ ♣♣♣♣ ♣.♣♣♣.♣


You could see a thorn hunter.

Vanquished Creatures
  Rupert (Lair:3)
  Gastronok (Lair:3)
  A tengu reaver (D:11)
  2 thorn hunters
  Donald (Swamp:2)
  A stone giant (Orc:1)
  3 bunyips
  2 ettins (D:11)
  2 eleionomae (Swamp:4)
  Snorg (Lair:3)
  The ghost of robertstho the Frost Mage, a journeyman GnIE of Sif Muna (Lair:2)
  A shambling mangrove (Swamp:4)
  Josephine (Lair:6)
  A ghost crab (Swamp:3)
  16 hydras
  A catoblepas (Lair:5)
  3 boulder beetles
  12 alligators
  The ghost of dolemite99 the Archer, a novice MiBr of Uskayaw (D:8)
  16 death yaks
  2 orc high priests (Orc:2)
  2 two-headed ogres (D:11)
  Nergalle (Lair:3)
  The ghost of aardvark the Summoner, a novice DEIE of Nemelex Xobeh (D:9)
  2 goliath frogs
  A swamp dragon (shapeshifter) (D:8)
  2 spriggan druids
  A deep troll (D:9)
  2 unseen horrors
  9 swamp dragons
  A deep elf mage (D:9)
  7 orc knights
  10 bog bodies
  2 ugly things
  3 will-o-the-wisps
  4 orc sorcerers
  2 wolf spiders (Lair:6)
  20 elephants
  A guardian serpent (Lair:6)
  3 torpor snails (Lair:6)
  10 black mambas
  Maurice (Orc:2)
  A gargoyle (D:11)
  Joseph (D:10)
  10 komodo dragons
  21 cane toads
  2 rime drakes
  10 tyrant leeches
  9 polar bears (Lair:6)
  4 trolls
  4 hornets
  A raiju (shapeshifter) (D:8)
  15 blink frogs
  8 dream sheep (Lair:6)
  4 redbacks
  6 wraiths
  13 wyverns
  30 yaks
  A basilisk (Lair:2)
  A steam dragon (D:11)
  3 vampire mosquitoes (Swamp:1)
  7 wargs
  Menkaure (D:5)
  9 swamp worms
  6 nagas (Lair:3)
  24 water moccasins
  17 hell hounds (Lair:6)
  8 swamp drakes (Swamp:4)
  4 ice beasts
  34 orc warriors
  A phantom (D:4)
  15 black bears
  An eye of draining (D:10)
  A necrophage (D:8)
  5 sky beasts
  18 wolves
  A hornet zombie (D:6)
  12 ogres
  20 centaurs
  3 big kobolds
  22 bullfrogs
  4 scorpions
  11 killer bees
  12 wights
  5 electric eels
  4 howler monkeys
  3 bullfrog zombies
  2 centaur zombies
  3 jellies
  15 orc priests
  15 hounds
  A bullfrog skeleton (D:11)
  A gnoll shaman (D:5)
  16 orc wizards
  8 centaur skeletons
  Terence (D:3)
  4 iguanas
  9 hell rats
  7 worker ants
  A hound skeleton (D:9)
  A worker ant zombie (D:5)
  A howler monkey zombie (D:7)
  A howler monkey skeleton (D:7)
  17 adders
  7 gnolls
  2 shadow imps
  3 white imps
  4 ufetubi
  2 adder zombies
  A worm (D:4)
  The ghost of delverdan the Sneak, a weakling DrDe (D:4)
  2 dart slugs
  7 leopard geckos
  79 orcs
  4 giant cockroaches
  10 goblins
  9 hobgoblins
  9 jackals
  17 kobolds
  3 quokkas
  A ball python (D:4)
  4 bats
  5 frilled lizards
  18 rats
838 creatures vanquished.

Vanquished Creatures (collateral kills)
  An alligator (Swamp:1)
  An orc high priest (Orc:2)
  4 ugly things (D:8)
  A tarantella (shapeshifter) (D:8)
  A neqoxec (D:8)
  A swamp worm (Swamp:2)
  An orc warrior (Orc:2)
  3 orc wizards (Orc:2)
  An orc (Orc:2)
14 creatures vanquished.

Vanquished Creatures (others)
  2 bloated husks (Swamp:3)
  An ogre (D:5)
  An orc priest (Orc:2)
  3 orcs
  A kobold (D:10)
  A bush (Lair:6)
  25 foxfires
  33 fungi
  87 plants
154 creatures vanquished.

Grand Total: 1006 creatures vanquished

Notes
Turn   | Place    | Note
-------+----------+-------------------------------------------
     0 | D:1      | robertstho the Minotaur Berserker began the quest for the
                  | Orb.
     0 | D:1      | Reached XP level 1. HP: 19/19 MP: 0/0
   238 | D:1      | Reached XP level 2. HP: 26/27 MP: 1/1
   721 | D:1      | Reached skill level 4 in Axes
   826 | D:1      | Reached ** piety under Trog
   896 | D:2      | Reached XP level 3. HP: 34/34 MP: 2/2
  1213 | D:2      | Reached XP level 4. HP: 41/41 MP: 3/3
  1778 | D:3      | Noticed Terence
  1790 | D:3      | Killed Terence
  1791 | D:3      | Reached skill level 5 in Fighting
  2098 | D:3      | Reached *** piety under Trog
  2134 | D:3      | Reached XP level 5. HP: 42/48 MP: 4/4
  2135 | D:3      | Reached skill level 5 in Axes
  2531 | D:4      | Found a runed translucent door.
  2534 | D:4      | Noticed delverdan's ghost (weakling DrDe)
  2589 | D:4      | Found a staircase to the Ecumenical Temple.
  2637 | D:4      | Killed delverdan's ghost
  2710 | D:4      | Noticed an ogre
  2715 | D:4      | Killed an ogre
  2716 | D:4      | Reached XP level 6. HP: 57/57 MP: 5/5
  2719 | D:4      | Reached skill level 6 in Axes
  2872 | D:4      | Found a white marble altar of Elyvilon.
  2927 | D:4      | Reached XP level 7. HP: 63/63 MP: 6/6
  3140 | D:5      | Entered Level 5 of the Dungeon
  3176 | D:5      | Reached skill level 7 in Axes
  3176 | D:5      | Reached skill level 5 in Armour
  3210 | D:5      | Noticed Menkaure
  3216 | D:5      | Reached skill level 1 in Stealth
  3222 | D:5      | Killed Menkaure
  3223 | D:5      | Reached XP level 8. HP: 35/71 MP: 7/7
  3227 | D:5      | Reached **** piety under Trog
  3256 | D:5      | Reached skill level 8 in Axes
  3329 | D:5      | You fall into a shaft and drop 2 floors!
  3716 | D:7      | Reached skill level 9 in Axes
  3729 | D:7      | Reached XP level 9. HP: 41/81 MP: 8/8
  5297 | D:8      | Reached skill level 10 in Axes
  5297 | D:8      | Reached skill level 1 in Shields
  5501 | D:8      | Found a runed translucent gate.
  5501 | D:8      | Found a runed translucent gate.
  5501 | D:8      | Found a runed translucent gate.
  5501 | D:8      | Noticed a purple ugly thing
  5504 | D:8      | Noticed a purple ugly thing
  5505 | D:8      | Noticed a brown ugly thing
  5505 | D:8      | Noticed a red ugly thing
  5505 | D:8      | Noticed a green ugly thing
  5820 | D:8      | Reached skill level 10 in Armour
  5870 | D:8      | Found a shimmering blue altar of Sif Muna.
  5931 | D:8      | Killed a purple ugly thing
  5932 | D:8      | Reached XP level 10. HP: 91/91 MP: 9/9
  5933 | D:8      | Killed a brown ugly thing
  5935 | D:8      | Killed a white ugly thing
  5936 | D:8      | Reached skill level 11 in Axes
  5937 | D:8      | Killed a brown ugly thing
  5938 | D:8      | Found a runed translucent gate.
  5938 | D:8      | Found a runed translucent gate.
  5940 | D:8      | Killed a brown ugly thing
  5942 | D:8      | Noticed dolemite99's ghost (novice MiBr)
  5944 | D:8      | Found a runed translucent gate.
  5957 | D:8      | Noticed a harpy
  5957 | D:8      | a basilisk changed into a harpy
  6094 | D:8      | Noticed a swamp dragon
  6094 | D:8      | a basilisk changed into a swamp dragon
  6108 | D:8      | Killed a swamp dragon
  6422 | D:8      | Killed dolemite99's ghost
  6557 | D:9      | Reached skill level 10 in Fighting
  6612 | D:9      | Noticed a deep elf mage
  6839 | D:9      | Noticed aardvark's ghost (novice DEIE)
  6841 | D:9      | Noticed a deep troll
  6848 | D:9      | Found a runed translucent gate.
  6848 | D:9      | Found a runed translucent gate.
  6851 | D:9      | Found a runed translucent gate.
  7064 | D:9      | Killed an unseen horror
  7065 | D:9      | Reached XP level 11. HP: 100/100 MP: 10/10
  7070 | D:9      | Killed a deep elf mage
  7076 | D:9      | Killed a deep troll
  7077 | D:9      | Reached skill level 12 in Axes
  7077 | D:9      | Reached skill level 5 in Shields
  7081 | D:9      | Killed aardvark's ghost
  7125 | D:10     | Entered Level 10 of the Dungeon
  7136 | D:10     | Reached ***** piety under Trog
  7142 | D:10     | Noticed Joseph
  7159 | D:10     | Reached skill level 5 in Dodging
  7163 | D:10     | Killed Joseph
  7291 | D:10     | Found a flagged portal.
  7298 | Bailey   | Entered a bailey
  7943 | Bailey   | Got a warped plate armour
  7953 | Bailey   | Identified the cursed +1 plate armour of the Sun {rElec
                  | Int+2} (You found it in a bailey)
  8101 | D:10     | Found a staircase to the Lair.
  8117 | D:10     | Received a gift from Trog
  8609 | D:10     | Found a staircase to the Orcish Mines.
  8771 | D:10     | Reached skill level 13 in Axes
  9231 | D:11     | Noticed a two-headed ogre
  9242 | D:11     | Killed a two-headed ogre
  9243 | D:11     | Reached XP level 12. HP: 78/111 MP: 11/11
  9245 | D:11     | Found Peczer's Weapon Shop.
  9644 | D:11     | Noticed a boulder beetle
  9648 | D:11     | Killed a boulder beetle
  9696 | D:11     | Noticed a two-headed ogre
  9702 | D:11     | Killed a two-headed ogre
  9706 | D:11     | Noticed a boulder beetle
  9712 | D:11     | Killed a boulder beetle
  9713 | D:11     | Reached skill level 14 in Axes
  9914 | D:11     | Found a runed translucent door.
  9915 | D:11     | Noticed a tengu reaver
  9926 | D:11     | Killed a tengu reaver
 10041 | D:11     | Noticed an ettin
 10041 | D:11     | Noticed an ettin
 10047 | D:11     | Killed an ettin
 10049 | D:11     | Killed an ettin
 10391 | D:11     | Received a gift from Trog
 11060 | D:5      | Found a shimmering altar of Xom.
 11432 | Lair:1   | Entered Level 1 of the Lair of Beasts
 11710 | Lair:1   | Reached skill level 15 in Axes
 12383 | Lair:2   | Reached XP level 13. HP: 91/122 MP: 12/12
 12517 | Orc:1    | Entered Level 1 of the Orcish Mines
 12517 | Orc:1    | Noticed a stone giant
 12838 | Orc:1    | Killed a stone giant
 13240 | Orc:2    | Entered Level 2 of the Orcish Mines
 13368 | Orc:2    | HP: 3/123 [orc sorcerer/+0 dagger (6)]
 13382 | Orc:2    | Found a roughly hewn altar of Beogh.
 13637 | Orc:2    | Reached skill level 16 in Axes
 13764 | Orc:2    | Found a staircase to the Elven Halls.
 14299 | Orc:2    | Reached skill level 15 in Armour
 14345 | Orc:2    | Gained mutation: You are occasionally teleported next to
                  | monsters. [a neqoxec]
 14652 | Orc:2    | Found Ummuim's Antique Weapon Shoppe.
 14652 | Orc:2    | Found Herpheeke's Jewellery Shop.
 14654 | Orc:2    | Found Dehupio's Distillery.
 14654 | Orc:2    | Found Pihalih's Book Shop.
 14761 | Orc:2    | Noticed Maurice
 14764 | Orc:2    | Killed Maurice
 15526 | Lair:2   | Found a staircase to the Swamp.
 15534 | Lair:2   | Found a runed translucent gate.
 15535 | Lair:2   | Found a runed translucent gate.
 15535 | Lair:2   | Noticed robertstho's ghost (journeyman GnIE)
 15536 | Lair:2   | Found a runed translucent gate.
 15616 | Lair:2   | You fall into a shaft and drop 1 floor!
 15662 | Lair:3   | Noticed Nergalle
 15673 | Lair:3   | Killed Nergalle
 15806 | Lair:3   | Reached ****** piety under Trog
 15807 | Lair:3   | Reached XP level 14. HP: 132/133 MP: 13/13
 15809 | Lair:3   | Noticed Snorg
 15819 | Lair:3   | Killed Snorg
 15852 | Lair:3   | Noticed Gastronok
 15866 | Lair:3   | Killed Gastronok
 15867 | Lair:3   | Reached skill level 17 in Axes
 16304 | Lair:3   | Noticed Rupert
 16323 | Lair:3   | Killed Rupert
 16554 | Lair:3   | Found a runed translucent door.
 16557 | Lair:3   | Found a staircase to the Snake Pit.
 16565 | Lair:3   | Reached skill level 15 in Fighting
 16567 | Lair:3   | Received a gift from Trog
 16878 | Lair:3   | Got a distressingly furry hat
 17025 | Lair:3   | Identified the cursed +0 hat of a Labyrinth {rElec rPois
                  | rC- Stlth+} (You found it on level 3 of the Lair of Beasts)
 18395 | Lair:5   | Reached skill level 18 in Axes
 19013 | Lair:5   | Reached XP level 15. HP: 112/144 MP: 14/14
 19361 | Lair:5   | Found a shimmering altar of Xom.
 20099 | Lair:2   | Killed robertstho's ghost
 20106 | Lair:2   | Got a bloodstained broad axe
 20113 | Lair:2   | Identified the +4 broad axe "Maenein" {speed, Str+2} (You
                  | found it on level 2 of the Lair of Beasts)
 20341 | Lair:6   | Entered Level 6 of the Lair of Beasts
 20347 | Lair:6   | Noticed Josephine
 20355 | Lair:6   | Killed Josephine
 20361 | Lair:6   | Received a gift from Trog
 21524 | Lair:6   | Reached skill level 19 in Axes
 21724 | Lair:6   | Received a gift from Trog
 22712 | Lair:6   | Found a viscous altar of Jiyva.
 22712 | Lair:6   | Found a staircase to the Slime Pits.
 22816 | Swamp:1  | Entered Level 1 of the Swamp
 22820 | Swamp:1  | Received a gift from Trog
 23040 | Swamp:1  | Noticed a thorn hunter
 23052 | Swamp:1  | Killed a thorn hunter
 23519 | Swamp:1  | Reached XP level 16. HP: 157/157 MP: 15/15
 24032 | Swamp:2  | Noticed Donald
 24049 | Swamp:2  | Killed Donald
 24130 | Swamp:2  | HP: 2/157 [acid (9)]
 26168 | Swamp:4  | Entered Level 4 of the Swamp
 26361 | Swamp:4  | Reached skill level 20 in Axes
 26578 | Swamp:4  | Received a gift from Trog
 27107 | Swamp:4  | Noticed a thorn hunter
 27117 | Swamp:4  | Killed a thorn hunter
 27557 | Swamp:4  | Noticed a thorn hunter
 27567 | Swamp:4  | HP: 11/238 [thorn hunter/volley of thorns (21)]
 27569 | Swamp:4  | Killed from afar by a thorn hunter

Illustrated notes

Levels and vault maps discovered:
D:1:      minmay_arrival_plants_in_alcoves, layout_loops_ring, serial_aquarium,
          aquarium_bridge_straight [aquarium_subvault_bridge,
          aquarium_subvault_window, aquarium_subvault_bridge,
          aquarium_subvault_balcony], aquarium_bridge_straight
          [aquarium_subvault_bridge, aquarium_subvault_wall,
          aquarium_subvault_bridge, aquarium_subvault_wall], aquarium_window_1,
          aquarium_window_corridor_3, aquarium_view_4, aquarium_view_2c,
          aquarium_balcony_3a, aquarium_pool_four,
          chequers_serial_rivers_room_b, serial_park_tiny_2, hex_medium,
          st_stairs_12, minmay_rat_gold_closets
D:2:      layout_rooms
D:3:      layout_basic, uniq_terence
D:4:      layout_rooms, elyvilon_altar_1, minmay_temple_entry_arrows,
          ebering_ghost_reflecting_pool, minmay_crossroads
D:5:      layout_rooms, st_stairs_13, corexii_corridor_pit, xom_confusion_cloud,
          uniq_menkaure
D:6:      layout_layer_cave, minmay_crystal_room
D:7:      layout_cave_pods
D:8:      layout_basic, ploomutoo_gammafunk_ghost_potion_laboratory,
          led_sif_pool
D:9:      layout_basic, gammafunk_ghost_split
D:10:     cheibrodos_barr_body, layout_gridville, erik_lair_island, orc_0_dummy,
          enter_bailey_3, uniq_joseph
D:11:     minmay_ornate_pinched, layout_long_grid, serial_shops, shop,
          minivault_13
Lair:1:   layout_hall_layers, serial_bayou_crossing, serial_bayou_shore_a,
          infiniplex_staircase_pool
Lair:2:   layout_regular_city, minmay_swamp_entry_reptiles,
          gammafunk_ghost_hydra_chop, grunt_forest_stairs_basic, st_stairs_4
Lair:3:   gammafunk_indiana_jones, layout_chaotic_city,
          minmay_snake_entry_guardpost_large, nicolae_lair_grove_arrangements,
          uniq_rupert, uniq_snorg, uniq_nergalle, uniq_gastronok
Lair:4:   layout_regular_city, minivault_23
Lair:5:   layout_loops_ring, basic_altar, lemuel_fruit_tree, grunt_megastairs_4,
          infiniplex_staircase_pool_2
Lair:6:   hangedman_lair_caniforms_friends, layout_cave_pods,
          hangedman_lair_tendril_chambers, dpeg_slime_entry_enclosed_altar,
          chequers_serial_rivers_room_a, uniq_josephine
Swamp:1:  layout_basic_swamp, hangedman_swamp_ruin_wall
Swamp:2:  layout_basic_swamp, nicolae_swamp_trees_clearing, uniq_donald
Swamp:3:  layout_basic_swamp, nicolae_swamp_feature_on_the_river_bank
Swamp:4:  swamp_basic_johnstein, layout_basic_swamp
Orc:1:    layout_diamond_mine
Orc:2:    grunt_orc_tribal_feast, layout_caves, basic_altar, uniq_maurice

Skill      XL: |  1  2  3  4  5  6  7  8  9 10 11 12 13 14 15 16 |
---------------+-------------------------------------------------+-----
Fighting       | 4 5 6 7 9 10 11 13 14 16 17 18 | 18.9
Axes           | 4 5 6 7 9 10 11 13 15 16 18 19 20 | 20.6
Armour         | 3 4 6 7 10 11 13 14 15 16 17 18 | 18.5
Dodging        | 3 4 5 |  5.9
Stealth        | 1 |  1.4
Shields        | 2 4 6 |  6.7

Action                   |  1- 3 |  4- 6 |  7- 9 | 10-12 | 13-15 | 16-18 || total
-------------------------+-------+-------+-------+-------+-------+-------++-------
Melee: Hand axe          |    52 |    91 |   250 |   334 |       |       ||   727
       Headbutt          |     6 |    14 |    41 |   119 |   191 |    66 ||   437
       Battleaxe         |       |       |       |   202 |   783 |       ||   985
       Executioner's axe |       |       |       |       |    78 |   265 ||   343
Invok: Berserk           |     1 |     4 |     9 |    10 |    19 |     7 ||    50
       Trog's Hand       |       |       |     1 |     1 |     3 |     3 ||     8
       Brothers in Arms  |       |       |     1 |     1 |     3 |     3 ||     8
  Use: Scroll            |       |       |     9 |     9 |     9 |     6 ||    33
       Potion            |       |       |       |     1 |     3 |     3 ||     7
 Stab: Sleeping          |     1 |     1 |       |       |       |       ||     2
       Distracted        |       |       |       |       |       |     1 ||     1
       Confused          |       |       |       |       |       |     1 ||     1
Armor: Animal skin       |     6 |    11 |       |       |       |       ||    17
       Scale mail        |       |     9 |    31 |       |       |       ||    40
       Chain mail        |       |       |    22 |       |       |       ||    22
       Plate armour      |       |       |    55 |   279 |   487 |   199 ||  1020
Dodge: Dodged            |    36 |    83 |   139 |   345 |   592 |   203 ||  1398
Block: Kite shield       |       |       |    68 |   199 |       |       ||   267

Table legend: (Time is in decaauts)
 A = Elapsed time spent in this place.
 B = Non-inter-level travel time spent in this place.
 C = Inter-level travel time spent in this place.
 D = Time resting spent in this place.
 E = Time spent auto-exploring this place.
 F = Levels seen in this place.
 G = Mean time per level.
                   A        B        C        D        E       F      G
               +--------+--------+--------+--------+--------+-----+--------+
         Total |  28138 |  26581 |   1557 |   3221 |  18631 |  24 | 1172.4 |
       Dungeon |  11260 |  10433 |    827 |   1006 |   7700 |  11 | 1023.6 |
          Lair |   8737 |   8243 |    494 |    274 |   6637 |   6 | 1456.2 |
         Swamp |   5015 |   4942 |     73 |   1294 |   2902 |   4 | 1253.8 |
  Orcish Mines |   2382 |   2220 |    162 |    647 |   1144 |   2 | 1191.0 |
        Bailey |    743 |    743 |      0 |      0 |    246 |   1 |  743.0 |
               +--------+--------+--------+--------+--------+-----+--------+

Top non-repeatable levels by time:
  Lair:6: 2403 daAuts
 Swamp:3: 1922 daAuts
    D:11: 1760 daAuts
    D:10: 1655 daAuts
   Orc:2: 1653 daAuts
  Lair:3: 1576 daAuts
 Swamp:1: 1464 daAuts
  Lair:5: 1437 daAuts
  Lair:4: 1309 daAuts
     D:8: 1303 daAuts
     D:7: 1091 daAuts
  Lair:1: 1013 daAuts
     D:6: 1011 daAuts
  Lair:2: 996 daAuts
     D:3: 982 daAuts
